 Dungeon Crawl Stone Soup version 0.22-a0-617-g6d95e9e (webtiles) character file.

318 Gildeon the Magician (level 6, -3/32 HPs)
             Began as a Deep Elf Fire Elementalist on July 12, 2018.
             Was an Initiate of Sif Muna.
             Slain by Menkaure (21 damage)
             ... on level 4 of the Dungeon.
             The game lasted 00:21:58 (3409 turns).

Gildeon the Magician (Deep Elf Fire Elementalist)   Turns: 3409, Time: 00:21:59

Health: -3/32      AC:  8    Str:  5    XL:     6   Next: 21%
Magic:  11/15      EV: 13    Int: 27    God:    Sif Muna [......]
Gold:   158        SH:  0    Dex: 15    Spells: 2/15 levels left

rFire    . . .     SeeInvis .   n - +1 dagger (flame)
rCold    . . .     Gourm    .   (no shield)
rNeg     . . .     Faith    .   d - +0 robe (curse)
rPois    .         Spirit   .   h - +1 helmet
rElec    .         Reflect  .   (no cloak)
rCorr    .         Harm     .   (no gloves)
MR       .....                  j - +0 pair of boots
Stlth    ++........             (no amulet)
HPRegen  0.10/turn              m - +3 ring of protection
MPRegen  0.14/turn              (no ring)

@: brilliant
A: no striking features
a: Renounce Religion


You were on level 4 of the Dungeon.
You worshipped Sif Muna.
Sif Muna was noncommittal.
You were not hungry.

You visited 2 branches of the dungeon, and saw 5 of its levels.

You collected 158 gold pieces.

Inventory:

Hand Weapons
 n - a +1 dagger of flaming (weapon)
Armour
 a - a +0 robe
 d - a cursed +0 robe (worn)
 h - a +1 helmet (worn)
 j - a +0 pair of boots (worn)
Jewellery
 m - a +3 ring of protection (left hand)
Scrolls
 b - a scroll of noise {unknown}
 l - 2 scrolls of teleportation
Potions
 e - a potion of curing
 g - a potion of lignification
 i - a potion of might {unknown}
 k - a potion of degeneration {unknown}
Comestibles
 c - 5 rations
 o - 3 chunks of flesh


   Skills:
 - Level 2.4 Dodging
 + Level 3.5 Stealth
 - Level 5.0 Spellcasting
 + Level 4.0 Conjurations
 + Level 1.2 Hexes
 - Level 5.0 Fire Magic


You had 2 spell levels left.
You knew the following spells:

 Your Spells              Type           Power        Failure   Level  Hunger
a - Flame Tongue          Conj/Fire      #####        1%          1    None
b - Throw Flame           Conj/Fire      #####.       1%          2    None
c - Conjure Flame         Conj/Fire      #####...     1%          3    #......
d - Inner Flame           Hex/Fire       #####...     1%          3    #......
e - Sticky Flame          Conj/Fire      #####...     1%          4    ###....

Your spell library contained the following spells:

 Spells                   Type           Power        Failure   Level  Hunger
 Fireball                 Conj/Fire      #####.....   3%          5    #####..
 Animate Dead             Necr           N/A          8%          4    ###....
 Pain                     Necr           ###.         1%          1    None
 Animate Skeleton         Necr           N/A          1%          1    None
 Vampiric Draining        Necr           ###.......   2%          3    #......
 Regeneration             Chrm/Necr      ###.......   2%          3    #......


Dungeon Overview and Level Annotations

Branches:
Dungeon (4/15)             Temple (1/1) D:4

Altars:
Ashenzari
Dithmenos
Fedhas
Gozag
Kikubaaqudgha
Makhleb
Nemelex Xobeh
Qazlal
Ru
Sif Muna
Uskayaw
Vehumet
Wu Jian
Xom
Yredelemnul

Annotations:
D:4 2 transporters, Menkaure


Message History

Menkaure shouts!
Okay, then.
You feel clever all of a sudden.
Menkaure calls on the powers of darkness!
Your body is wracked with pain!
Okay, then.
Okay, then.
Casting: Flame Tongue (safe; 1% risk of failure)
Confirm with . or Enter, or press ? or * to list all spells.
Okay, then.
Casting: Flame Tongue (safe; 1% risk of failure)
Confirm with . or Enter, or press ? or * to list all spells.
Aiming: Sticky Flame (safe; 1% risk of failure)
Press: ? - help, Shift-Dir - straight line, f - Menkaure
Aim: Menkaure The sticky flame hits Menkaure.
Menkaure is burned terribly!
Menkaure is moderately damaged.
Menkaure is covered in liquid flames!
Menkaure burns!
Menkaure hits you!!
Ouch! That really hurt!
You die...

....##...#.##......)#
.........#.....#.##.#
.....#...#..##....#.##
.....#.###...........+
...........###......##
.#.#.###.### ###.####
.###.###.# #.#
.........# #.#
####.##### #@# #.# #M#
#.# #.. #(# #..#
####.# .... .....#
.#... ###### . ... ##
.#..


You could see Menkaure (burning).

Vanquished Creatures
  2 howler monkeys
  A hound (D:3)
  2 worker ants
  10 adders
  3 worms
  A dart slug (D:3)
  2 leopard geckos
  3 orcs
  7 bats
  2 giant cockroaches (D:4)
  6 hobgoblins
  8 jackals
  6 kobolds
  A quokka (D:2)
  A ball python (D:2)
  3 frilled lizards
  6 goblins
  6 rats
70 creatures vanquished.

Notes
Turn   | Place    | Note
-------+----------+-------------------------------------------
     0 | D:1      | Gildeon the Deep Elf Fire Elementalist began the quest for the Orb.
     0 | D:1      | Reached XP level 1. HP: 10/10 MP: 6/6
   768 | D:2      | Reached XP level 2. HP: 12/15 MP: 0/8
   777 | D:2      | Learned a level 2 spell: Throw Flame
   965 | D:2      | Reached XP level 3. HP: 17/19 MP: 0/10
   974 | D:2      | Learned a level 3 spell: Conjure Flame
   978 | D:2      | Learned a level 3 spell: Inner Flame
  1356 | D:2      | Reached XP level 4. HP: 24/24 MP: 9/12
  1551 | D:2      | Found a shimmering altar of Xom.
  1602 | D:2      | Reached XP level 5. HP: 28/28 MP: 9/14
  1609 | D:2      | Learned a level 4 spell: Sticky Flame
  1870 | D:3      | Found an ancient bone altar of Kikubaaqudgha.
  1990 | D:3      | Reached skill level 5 in Spellcasting
  2264 | D:3      | Found a radiant altar of Vehumet.
  2290 | D:3      | Found a deep blue altar of Sif Muna.
  2299 | D:3      | Became a worshipper of Sif Muna the Loreminder
  2643 | D:4      | Found a transporter.
  2807 | D:4      | Found a transporter.
  2841 | D:4      | Reached skill level 5 in Fire Magic
  2858 | D:4      | Reached XP level 6. HP: 29/32 MP: 9/15
  2981 | D:4      | Found a staircase to the Ecumenical Temple.
  2990 | Temple   | Entered the Ecumenical Temple
  3278 | D:4      | Reached skill level 1 in Hexes
  3329 | D:4      | Found a shattered altar of Ashenzari.
  3404 | D:4      | Noticed Menkaure
  3409 | D:4      | Slain by Menkaure

Vault maps used:
D:1:      scummos_arrival_forest
D:2:      lemuel_coloured_pillars_altar
D:3:      lemuel_round_altar, kiku_gazebo_garden_becter, marbit_many_paths,
          hangedman_feature_mirror, minmay_crystal_water, nrook_mini_vaults
D:4:      gammafunk_steamed_eel, kennysheep_little_box,
          minmay_temple_entry_poolview, evilmike_ruin_ashenzari, uniq_menkaure
Temple:   minmay_temple_curvy_loop

Skill      XL: |  1  2  3  4  5  6 |
---------------+-------------------+-----
Conjurations   | 2 3 4 |  4.0
Spellcasting   | 4 5 |  5.0
Fire Magic     | 4 5 |  5.0
Stealth        | 3 |  3.5
Hexes          | 1 |  1.2
Dodging        | |  2.4

Action                   |  1- 3 |  4- 6 || total
-------------------------+-------+-------++-------
Melee: Unarmed           |     1 |     1 ||     2
       Dagger            |       |    12 ||    12
 Cast: Flame Tongue      |    51 |    72 ||   123
       Throw Flame       |       |     1 ||     1
       Sticky Flame      |       |     1 ||     1
  Use: Scroll            |     1 |     6 ||     7
       Potion            |       |     1 ||     1
 Stab: Sleeping          |       |     7 ||     7
  Eat: Chunk             |     1 |     5 ||     6
       Ration            |       |     1 ||     1
Armor: Robe              |     8 |     9 ||    17
Dodge: Dodged            |    30 |    27 ||    57

Table legend:
 A = Spawn XP
 B = Non-spawn XP
 C = Spawn XP percentage of total XP
 D = Spawn monster count
 E = Non-spawn monster count
 F = Spawn count percentage of total count
 G = Total turns spent on level
                    A         B        C        D         E        F      G
               +---------+---------+-------+---------+---------+-------+---------
         Total |       0 |     455 |   0.0 |       0 |      70 |   0.0 |  3409
               +---------+---------+-------+---------+---------+-------+---------
           D:1 |       0 |      10 |   0.0 |       0 |       6 |   0.0 |   737
           D:2 |       0 |     193 |   0.0 |       0 |      31 |   0.0 |  1014
           D:3 |       0 |     132 |   0.0 |       0 |      25 |   0.0 |   888
           D:4 |       0 |     120 |   0.0 |       0 |       8 |   0.0 |   556
               +---------+---------+-------+---------+---------+-------+---------
